Map: Ruins of Seras

Players

HuK - Winner!

  • Race: Protoss Protoss
  • League: Grandmaster

MDStephano (Stephano)

  • Race: Zerg Zerg

Event: NationWars III

VOD

https://www.youtube.com/watch?v=hO1juuHp7Bs&feature=youtu.be

Description

Time

  • Played on: Jan. 2, 2016, 5:13 p.m.
  • Length: 19:08
Show
View Real Time Build Order
Export as new Build Order

HuK Protoss - Winner!

Build Orders: Nexus First 

Get SALT Encoding   

  12  0:01  Probe (Chrono Boost)  
  13  0:11  Probe (Chrono Boost)  
  14  0:20  Pylon  
  14  0:23  Probe (Chrono Boost)  
  15  0:38  Probe (Chrono Boost)  
  16  0:48  Probe (Chrono Boost)  
  17  0:59  Nexus  
  17  1:09  Gateway  
  17  1:13  Probe (Chrono Boost)  
  18  1:19  Assimilator  
  18  1:24  Probe (Chrono Boost)  
  19  1:28  Assimilator  
  19  1:35  Probe (Chrono Boost)  
  20  1:44  Gateway  
  20  1:46  Probe (Chrono Boost)  
  21  1:56  Probe (Chrono Boost)  
  21  1:59  Cybernetics Core  
  22  2:07  Probe (Chrono Boost)  
  23  2:12  Probe (Chrono Boost)  
  24  2:17  Probe (Chrono Boost)  
  26  2:22  Probe (Chrono Boost)  
  26  2:26  Warp Gate (Chrono Boost)  
  26  2:28  Probe (Chrono Boost)  
  27  2:33  Probe (Chrono Boost)  
  28  2:37  Twilight Council  
  28  2:38  Probe (Chrono Boost)  
  28  2:43  Probe (Chrono Boost)  
  30  2:46  Adept (Chrono Boost)  
  30  2:48  Adept (Chrono Boost)  
  35  2:51  Probe  
  35  2:55  Probe  
  36  3:01  Pylon  
  36  3:03  Probe  
  37  3:06  Probe  
  38  3:13  Resonating Glaives (Chrono Boost)  
  38  3:19  Mothership Core, Probe  
  41  3:30  Sentry  
  41  3:31  Probe  
  41  3:33  Gateway  
  44  3:34  Gateway  
  44  3:38  Pylon  
  44  3:40  Probe  
  45  3:43  Probe  
  46  3:49  Pylon  
  46  3:52  Gateway  
  46  3:56  Probe x2  
  46  3:57  Pylon  
  48  4:06  Assimilator  
  48  4:08  Probe  
  48  4:09  Pylon  
  49  4:16  Gateway  
  49  4:17  Gateway  
  49  4:31  Probe  
  50  4:34  Adept x4  
  58  4:44  Probe x2  
  60  4:50  Pylon  
  56  4:53  Assimilator  
  56  4:55  Adept  
  56  4:56  Adept  
  56  4:57  Dark Shrine  
  60  5:03  Adept x3  
  66  5:12  Adept  
  66  5:14  Pylon  
  68  5:16  Adept  
  68  5:17  Adept  
  68  5:21  Sentry  
  74  5:25  Adept x2  
  72  5:41  Adept x2  
  72  5:43  Adept x2  
  72  5:44  Adept  
  74  5:51  Adept x2  
  72  6:09  Dark Templar  
  72  6:10  Dark Templar x3  
  78  6:17  Adept  
  78  6:18  Adept x2  
  64  6:40  Adept  
  64  6:41  Adept x4  
  64  6:42  Adept x2  
  70  7:02  Probe  
  70  7:05  Robotics Facility  
  65  7:08  Adept  
  65  7:09  Adept x5  
  67  7:17  Sentry  
  67  7:22  Probe  
  68  7:32  Adept x5  
  68  7:33  Adept  
  74  7:41  Blink  
  68  7:47  Sentry  
  69  7:54  Immortal (Chrono Boost)  
  61  7:59  Adept x2  
  61  8:00  Adept  
  61  8:05  Adept  
  65  8:18  Nexus  
  65  8:21  Pylon  
  65  8:29  Pylon  
  65  8:32  Pylon  
  65  8:37  Immortal (Chrono Boost)  
  65  8:41  Probe x2  
  71  8:53  Probe  
  72  9:04  Stalker x3  
  72  9:06  Sentry, Pylon  
  80  9:10  Sentry x2  
  80  9:14  Observer (Chrono Boost)  
  85  9:21  Probe x2  
  87  9:33  Probe x2  
  87  9:34  Probe  
  90  9:39  Dark Templar x3  
  90  9:43  Probe  
  97  9:48  Probe  
  97  9:49  Assimilator  
  97  9:51  Assimilator  
  98  9:54  Forge  
  98  9:58  Dark Templar x2  
  105  10:07  Immortal (Chrono Boost)  
  101  10:26  Pylon x2  
  101  10:27  Pylon  
  98  10:45  Immortal (Chrono Boost)  
  72  11:13  Nexus  
  72  11:18  Pylon  
  68  11:19  Sentry x3  
  68  11:20  Pylon  
  68  11:21  Pylon  
  74  11:33  Warp Prism (Chrono Boost)  
  72  11:44  Sentry x2  
  72  11:45  Stalker  
  72  11:46  Stalker x3  
  84  12:02  Immortal (Chrono Boost)  
  84  12:04  Protoss Ground Weapons Level 1 (Chrono Boost)  
  88  12:10  Dark Templar  
  88  12:11  Dark Templar  
  92  12:43  Stalker x5  
  102  12:52  Dark Templar  
  102  12:53  Observer  
  105  13:06  Stalker x4  
  105  13:08  Stalker  
  107  13:34  Stalker x5  
  107  13:35  Stalker  
  119  13:48  Immortal  
  87  14:23  Stalker x2  
  87  14:24  Stalker x4  
  83  14:32  Warp Prism  
  83  14:47  Nexus  
  83  14:50  Pylon  
  83  14:53  Stalker x4  
  83  14:54  Stalker x2  
  86  15:15  Protoss Ground Weapons Level 2  
  86  15:19  Adept x2  
  86  15:20  Adept x4  
  80  15:40  Adept  
  80  15:41  Adept x3  
  88  15:44  Sentry  
  88  15:45  Sentry  
  92  15:55  Pylon  
  91  16:19  Dark Templar x2  
  95  16:29  Adept x2  
  95  16:31  Adept x2  
  95  16:49  Assimilator  
  95  16:50  Assimilator  
  95  16:51  Adept x5  
  105  16:58  Templar Archives  
  105  17:03  Adept  
  107  17:10  Photon Cannon  
  107  17:24  Adept x4  
  107  17:25  Adept  
  107  17:29  Adept  
  119  17:49  Adept x3  
  119  17:50  Adept, High Templar x2  
  131  17:56  Archon  
  120  18:12  Adept x2  
  122  18:13  Adept x2  
  124  18:32  Adept x2  
  124  18:33  Adept x3  
  132  18:40  Adept  
Show
View Real Time Build Order
Export as new Build Order

MDStephano Zerg 

Build Orders: Hatch First 

Get SALT Encoding   

  12  0:01  Drone  
  13  0:13  Overlord  
  13  0:18  Drone  
  14  0:31  Drone x2  
  14  0:35  Drone  
  17  0:52  Hatchery  
  17  0:56  Drone  
  17  0:59  Drone  
  18  1:13  Spawning Pool  
  18  1:16  Drone  
  18  1:18  Drone  
  19  1:29  Drone  
  19  1:32  Extractor  
  19  1:44  Hatchery  
  18  1:48  Drone  
  18  1:51  Drone  
  20  2:07  Queen  
  22  2:08  Queen  
  22  2:14  Drone  
  25  2:19  Overlord  
  25  2:22  Zergling x2  
  26  2:25  Drone  
  26  2:29  Drone  
  28  2:34  Metabolic Boost  
  28  2:39  Drone  
  28  2:41  Drone  
  28  2:43  Drone  
  31  2:50  Queen  
  33  2:57  Zergling x4  
  35  3:00  Drone x2  
  37  3:07  Overlord  
  38  3:12  Drone  
  38  3:13  Drone  
  38  3:18  Zergling x6  
  42  3:21  Overlord  
  41  3:28  Drone x3  
  41  3:32  Zergling x10  
  49  3:43  Drone x3  
  52  3:50  Drone x4, Extractor  
  52  3:51  Extractor  
  52  3:52  Drone  
  55  3:59  Drone  
  56  4:03  Drone  
  56  4:07  Drone  
  58  4:14  Overlord  
  58  4:17  Overlord  
  58  4:21  Spore Crawler, Drone  
  58  4:22  Spore Crawler, Drone  
  58  4:23  Spore Crawler  
  57  4:25  Roach Warren  
  56  4:34  Drone x2  
  56  4:35  Drone x2  
  56  4:36  Drone x3  
  56  4:37  Drone x3  
  66  4:45  Drone x2  
  66  4:50  Overlord  
  66  4:53  Lair  
  66  4:54  Extractor  
  66  4:55  Drone  
  66  4:56  Overlord  
  66  4:58  Overlord x2  
  66  4:59  Overlord  
  66  5:06  Overlord  
  66  5:09  Roach  
  66  5:10  Roach x3  
  74  5:16  Roach x4  
  81  5:22  Roach x2  
  81  5:26  Roach  
  87  5:31  Spine Crawler  
  87  5:33  Spine Crawler x2  
  87  5:35  Roach x2  
  81  5:42  Drone x6  
  80  5:44  Drone  
  80  5:46  Drone  
  78  5:52  Roach x2  
  79  5:59  Drone x3  
  77  6:04  Drone x2  
  77  6:09  Drone x2  
  80  6:14  Roach  
  76  6:19  Roach  
  76  6:31  Drone x2  
  76  6:32  Evolution Chamber  
  77  6:35  Evolution Chamber  
  77  6:37  Zergling x4  
  77  6:38  Zergling x4  
  79  6:40  Overseer  
  76  6:59  Zergling x10  
  79  7:08  Overseer  
  79  7:12  Drone  
  77  7:30  Hatchery  
  77  7:31  Overseer  
  76  7:38  Roach x3  
  76  7:39  Roach  
  82  7:48  Drone x3  
  82  7:49  Drone x2  
  82  7:50  Drone  
  85  7:56  Queen  
  80  8:01  Overseer  
  80  8:02  Drone  
  80  8:03  Drone  
  82  8:07  Zerg Melee Weapons Level 1  
  82  8:16  Drone x2  
  84  8:22  Drone x2  
  86  8:31  Queen  
  88  8:38  Zerg Ground Armor Level 1  
  88  8:41  Glial Reconstitution  
  88  8:42  Drone x3  
  88  8:47  Drone  
  92  9:00  Infestation Pit  
  92  9:02  Drone x2  
  92  9:04  Drone x3  
  95  9:12  Drone x2  
  95  9:13  Drone x2, Pneumatized Carapace  
  99  9:20  Drone x4  
  99  9:21  Drone x3  
  99  9:22  Hatchery  
  105  9:29  Drone x3  
  108  9:37  Roach x3  
  113  9:46  Overlord x2  
  113  10:05  Roach x9  
  123  10:09  Spine Crawler  
  123  10:11  Spine Crawler  
  123  10:12  Roach x3  
  124  10:18  Overlord x2  
  122  10:22  Overseer  
  115  10:32  Roach x4  
  119  10:38  Roach  
  119  10:39  Zergling x4  
  119  10:40  Zergling x4  
  120  10:43  Roach Warren  
  114  10:50  Zergling x4  
  101  11:02  Drone x4  
  91  11:11  Drone x2  
  92  11:19  Drone x3  
  92  11:22  Hatchery  
  94  11:29  Drone x2  
  94  11:32  Zerg Melee Weapons Level 2  
  96  11:33  Zerg Ground Armor Level 2  
  96  11:39  Pathogen Glands  
  96  11:56  Spine Crawler  
  96  11:59  Overlord  
  96  12:01  Drone x5  
  99  12:17  Overlord  
  99  12:18  Queen  
  99  12:19  Queen  
  103  12:22  Infestor  
  103  12:23  Infestor  
  103  12:26  Infestor  
  109  12:34  Queen  
  111  12:49  Infestor x3  
  117  13:09  Zergling x2  
  117  13:10  Zergling x16  
  126  13:16  Hatchery  
  120  13:31  Zergling x2  
  120  13:32  Zergling x12  
  127  13:37  Queen x2  
  127  13:40  Zergling x2  
  127  13:41  Zergling x6  
  125  13:50  Zergling x8  
  108  14:03  Zergling x10  
  91  14:12  Zergling x6  
  83  14:20  Zergling x6  
  72  14:24  Zergling x2  
  72  14:25  Zergling x2  
  68  14:32  Zergling x2  
  68  14:36  Zergling x4  
  68  14:40  Zergling x2  
  69  14:46  Infestor x2  
  73  14:54  Zergling x2  
  72  15:13  Zergling x14  
  72  15:14  Zergling x6  
  79  15:20  Zergling x2  
  79  15:21  Drone, Zergling x4  
  76  15:25  Drone  
  77  15:29  Drone x2  
  77  15:33  Drone  
  76  15:43  Drone x2  
  76  15:45  Drone  
  79  16:01  Drone x6  
  79  16:02  Drone  
  85  16:08  Zergling x6  
  88  16:16  Drone x4  
  73  16:38  Drone x3  
  71  16:43  Hive  
  69  16:51  Zergling x10  
  74  16:58  Overseer  
  74  17:10  Zergling x14  
  74  17:11  Zergling x2  
  81  17:22  Zergling x2  
  81  17:23  Zergling x10  
  86  17:40  Zergling x2  
  86  17:41  Zergling x16  
  72  18:02  Zergling x2  
  72  18:03  Zergling x20  
  81  18:12  Infestor x3  
  75  18:23  Roach x3  
  75  18:24  Roach  
Tags
 
Add a new tag
Caveats
  • Supply blocks, unpowered buildings, or Contaminate may cause inaccurate times.
  • Supply counts are checked every 10 seconds.